 Dungeon Crawl Stone Soup version 0.20.1-1-g8b1a95d (webtiles) character file.

1526 Rjadawoj the Basher (level 8, 0/71 HPs)
             Began as a Minotaur Berserker on Oct 13, 2017.
             Was an Elder of Trog.
             Slain by a gnoll
             ... wielding a +0 halberd
              (9 damage)
             ... on level 5 of the Dungeon on Oct 17, 2017.
             The game lasted 00:24:00 (5260 turns).

Rjadawoj the Basher (Minotaur Berserker)            Turns: 5260, Time: 00:24:00

Health: 0/71       AC:  5    Str: 22    XL:     8   Next: 55%
Magic:  0/7        EV:  7    Int:  9    God:    Trog [****..]
Gold:   223        SH:  0    Dex: 12    Spells: 7/7 levels left

rFire    . . .     SeeInvis .   m - +0 flail
rCold    . . .     Gourm    .   (no shield)
rNeg     . . .     Faith    .   o - +0 ring mail
rPois    .         Spirit   +   (helmet restricted)
rElec    .         Reflect  .   (no cloak)
rCorr    .         Harm     .   (no gloves)
MR       .....                  (no boots)
Stlth    +.........             e - amulet of guardian spirit
Regen    0.3/turn               a - +3 ring of evasion
MPRegen  0.1/turn               l - +5 ring of intelligence

@: held
A: retaliatory headbutt, horns 2
a: Berserk, Trog's Hand, Brothers in Arms, Burn Spellbooks, Renounce Religion


You were on level 5 of the Dungeon.
You worshipped Trog.
Trog was greatly pleased with you.
You were not hungry.

You visited 2 branches of the dungeon, and saw 6 of its levels.

You collected 223 gold pieces.

Inventory:

Hand Weapons
 m - a +0 flail (weapon)
 n - a +2 quarterstaff of chaos
Armour
 o - a +0 ring mail (worn)
Jewellery
 a - a +3 ring of evasion (left hand)
 e - an amulet of guardian spirit (around neck)
 l - a +5 ring of intelligence (right hand)
Wands
 g - a wand of flame (48/48)
 t - a wand of random effects (29/48)
Scrolls
 i - 4 scrolls of identify
 p - a scroll of remove curse
 r - a scroll of blinking {unknown}
 u - a scroll of immolation {unknown}
 v - a scroll of enchant armour {unknown}
 w - a scroll of teleportation {unknown}
 x - a scroll of fear {unknown}
Potions
 b - 3 potions of degeneration {unknown}
 d - a potion of agility {unknown}
 f - a potion of resistance {unknown}
 h - 7 potions of curing {unknown}
 k - 5 potions of heal wounds {unknown}
Comestibles
 c - 4 bread rations
 j - a meat ration


   Skills:
 + Level 6.6 Fighting
 * Level 11.8 Maces & Flails
 - Level 2.4 Armour
 - Level 2.4 Dodging
 - Level 0.1 Stealth


You had 7 spell levels left.
You didn't know any spells.

Dungeon Overview and Level Annotations

Branches:
Dungeon (5/15)             Temple (1/1) D:4

Altars:
Ashenzari
Dithmenos
Elyvilon
Fedhas
Gozag
Kikubaaqudgha
Makhleb
Nemelex Xobeh
Okawaru
Ru
Sif Muna
Trog
Uskayaw
Xom
Zin
The Shining One


Innate Abilities, Weirdness & Mutations

You reflexively headbutt those who attack you in melee.
You have a pair of horns on your head.


Message History

You hit the gnoll.
The gnoll is moderately wounded.
The gnoll closely misses you. You furiously retaliate!
You headbutt the gnoll. The gnoll hits you but does no damage.
You sock the gnoll!
The gnoll is almost dead.
The gnoll hits you from afar with a halberd!
The gnoll misses you.
You sock the gnoll!
You kill the gnoll!
Trog accepts your kill.
The gnoll throws a throwing net.
The throwing net hits you.
You become entangled in the net!
The gnoll hits you from afar with a halberd!
* * * LOW HITPOINT WARNING * * *
The gnoll hits you with a halberd.
* * * LOW HITPOINT WARNING * * *
You struggle against the net.
The gnoll barely misses you. The gnoll hits you with a halberd!
You die...

.[†.††...............#gg.#≈≈....#
######################...#≈≈....#
. . #'###≈≈....# ########.
#.#.≈≈≈....# #........ #.≈≈≈....#
........# #.≈≈≈....# ......gg#
#.≈≈≈....# #.....g)# #.≈≈≈..P.#
################@# #.≈≈≈....#
....'....'.).....# #.≈≈≈....#
....#....#.......# #.≈≈≈....# .
#....#.......# #+###≈≈....#
#####'')'#############...#≈≈P...#
......)..............#.gg#≈≈....#
≈≈≈)≈.)).≈≈≈≈≈≈≈≈≈≈≈≈#####≈≈....#
≈≈≈≈≈))†.≈≈≈≈≈≈≈≈≈≈≈≈≈≈≈≈≈≈≈....#
)≈≈≈≈..†.≈≈≈≈≈≈≈≈≈≈≈≈≈≈≈≈≈≈≈...P#


You could see 3 gnolls.

Vanquished Creatures
  Grinder (D:3)
  Sigmund (D:3)
  A sky beast (D:5)
  The ghost of Gitz the Shield-Bearer, an amateur MiFi of Okawaru (D:4)
  A centaur (D:5)
  2 howler monkeys
  A crimson imp (D:5)
  A hound (D:5)
  An orc wizard (D:3)
  Crazy Yiuf (D:2)
  A gnoll shaman (D:5)
  An iguana (D:3)
  Ijyb (D:3)
  4 worker ants
  Natasha (thrice) (D:3)
  30 gnolls
  8 adders
  A howler monkey skeleton (D:4)
  An ooze (D:1)
  5 worms
  2 dart slugs
  4 leopard geckos
  7 orcs
  4 bats
  4 giant cockroaches
  7 goblins
  7 hobgoblins
  18 jackals
  7 kobolds
  A quokka (D:5)
  4 frilled lizards
  9 rats
140 creatures vanquished.

Notes
Turn   | Place    | Note
-------+----------+-------------------------------------------
     0 | D:1      | Rjadawoj the Minotaur Berserker began the quest for the Orb.
     0 | D:1      | Reached XP level 1. HP: 19/19 MP: 0/0
   153 | D:1      | Reached XP level 2. HP: 26/27 MP: 1/1
   233 | D:1      | Reached skill level 4 in Maces & Flails
   763 | D:2      | Reached XP level 3. HP: 31/33 MP: 2/2
   807 | D:2      | Reached ** piety under Trog
   858 | D:2      | Reached skill level 5 in Maces & Flails
  1038 | D:2      | Reached XP level 4. HP: 36/41 MP: 3/3
  1232 | D:2      | Found a shimmering altar of Xom.
  1315 | D:2      | Found a white marble altar of Elyvilon.
  1315 | D:2      | Found a deep blue altar of Sif Muna.
  1417 | D:2      | Found a runed door.
  1421 | D:2      | Noticed Crazy Yiuf
  1428 | D:2      | Killed Crazy Yiuf
  1899 | D:3      | Reached skill level 6 in Maces & Flails
  1899 | D:3      | Reached XP level 5. HP: 47/47 MP: 4/4
  1908 | D:3      | Noticed Natasha
  1914 | D:3      | Killed Natasha
  1919 | D:3      | Noticed Natasha
  1938 | D:3      | Killed Natasha
  2095 | D:3      | Noticed Ijyb
  2101 | D:3      | Noticed Grinder
  2103 | D:3      | Killed Ijyb
  2103 | D:3      | Reached skill level 7 in Maces & Flails
  2113 | D:3      | Killed Grinder
  2113 | D:3      | Reached skill level 5 in Fighting
  2113 | D:3      | Reached skill level 8 in Maces & Flails
  2113 | D:3      | Reached XP level 6. HP: 43/56 MP: 5/5
  2613 | D:3      | Reached *** piety under Trog
  2728 | D:3      | Noticed Natasha
  2731 | D:3      | Killed Natasha
  2731 | D:3      | Reached XP level 7. HP: 61/61 MP: 6/6
  2949 | D:3      | Noticed Sigmund
  2956 | D:3      | Killed Sigmund
  2956 | D:3      | Reached skill level 9 in Maces & Flails
  3163 | D:4      | Noticed Gitz's ghost (amateur MiFi)
  3171 | D:4      | Killed Gitz's ghost
  3512 | D:4      | Found a bloodstained altar of Trog.
  3841 | D:4      | Reached skill level 10 in Maces & Flails
  4004 | D:4      | Found a staircase to the Ecumenical Temple.
  4010 | Temple   | Entered the Ecumenical Temple
  4296 | D:5      | Entered Level 5 of the Dungeon
  4498 | D:5      | Reached XP level 8. HP: 55/70 MP: 7/7
  4762 | D:5      | Reached skill level 11 in Maces & Flails
  5162 | D:5      | Reached **** piety under Trog
  5260 | D:5      | Slain by a gnoll

Skill      XL: |  1  2  3  4  5  6  7  8 |
---------------+-------------------------+-----
Fighting       | 4 5 6 |  6.6
Maces & Flails | 4 5 6 8 10 11 | 11.8
Armour         | |  2.4
Dodging        | |  2.4
Stealth        | |  0.1

Action                   |  1- 3 |  4- 6 |  7- 9 || total
-------------------------+-------+-------+-------++-------
Melee: Mace              |    55 |       |       ||    55
       Headbutt          |     9 |    23 |    40 ||    72
       Flail             |     6 |   120 |   200 ||   326
Invok: Berserk           |       |     1 |       ||     1
  Use: Scroll            |       |       |     6 ||     6
  Eat: Chunk             |       |     3 |     2 ||     5
       Bread ration      |       |     1 |     1 ||     2
       Royal jelly       |       |       |     2 ||     2
Armor: Animal skin       |     5 |       |       ||     5
       Leather armour    |     8 |     4 |       ||    12
       Ring mail         |       |    18 |    56 ||    74
Dodge: Dodged            |    40 |    61 |   159 ||   260
